 Dungeon Crawl Stone Soup version 0.26-b1-32-g5d43845318 (webtiles) character file.

Game seed: 9597220762952385342

15 Dirian the Caller (level 2, -1/20 HPs)
             Began as a Formicid Summoner on Jan 9, 2021.
             Slain by a jackal (3 damage)
             ... on level 1 of the Dungeon.
             The game lasted 00:03:06 (1471 turns).

Dirian the Caller (Formicid Summoner)               Turns: 1471, Time: 00:03:06

Health: -1/20      AC:  2    Str: 12    XL:     2   Next: 65%
Magic:  5/5        EV: 12    Int: 14    God:
Gold:   54         SH:  0    Dex: 11    Spells: 4/5 levels left

rFire    . . .     SeeInvis +   e - +0 club
rCold    . . .     Faith    .   (no shield)
rNeg     . . .     Spirit   .   a - +0 robe
rPois    .         Reflect  .   (helmet unavailable)
rElec    .         Harm     .   (no cloak)
rCorr    .         Rampage  .   (no gloves)
Will     .....                  (no boots)
Stlth    ++........             (no amulet)
HPRegen  0.06/turn              (no ring)
MPRegen  0.09/turn              (no ring)

@: no status effects
A: permanent stasis, dig shafts and tunnels, four strong arms, antennae 3
a: Dig, Shaft Self


You were on level 1 of the Dungeon.
You visited 1 branch of the dungeon, and saw 1 of its levels.

You collected 54 gold pieces.

Inventory:

Hand Weapons
 e - a +0 club (weapon)
Missiles
 c - 48 stones
Armour
 a - a +0 robe (worn)
Jewellery
 h - an uncursed ring of see invisible {unknown}
Scrolls
 d - 2 scrolls of teleportation {unknown}
 g - a scroll of immolation {unknown}
Potions
 b - a potion of heal wounds {unknown}
 f - a potion of ambrosia {unknown}


   Skills:
 + Level 0.6 Fighting
 * Level 1.7 Maces & Flails
 * Level 0.3 Armour
 - Level 1.7 Dodging
 - Level 2.4 Stealth
 - Level 2.1 Spellcasting
 - Level 4.0 Summonings


You had 4 spell levels left.
You knew the following spells:

 Your Spells              Type           Power        Failure   Level
a - Summon Small Mammal   Summ           48%          4%          1

Your spell library contained the following spells:

 Spells                   Type           Power        Failure   Level
 Call Imp                 Summ           12%          7%          2
 Call Canine Familiar     Summ           12%          14%         3
 Summon Guardian Golem    Hex/Summ       7%           30%         3
 Summon Ice Beast         Ice/Summ       7%           71%         4
 Summon Lightning Spire   Summ/Air       7%           71%         4


Dungeon Overview and Level Annotations

Branches:
Dungeon (1/15)

Altars:


Innate Abilities, Weirdness & Mutations

You cannot be hasted, slowed, berserked, paralysed or teleported.
You can dig through walls and to a lower floor.
Your four strong arms can wield two-handed weapons with a shield.
You have a pair of large antennae on your head. (SInv)


Message History

The jackal closely misses you.
Your rat bites the jackal but does no damage.
Your bat barely misses the jackal.
The jackal misses your bat.
Your rat bites the jackal but does no damage.
Your bat hits the jackal but does no damage.
There is an open door here.
Something bites your bat.
There's a creature in the doorway!
Something bites your bat.
Your bat dies!
Your bat's corpse disappears in a puff of smoke!
The jackal bites you but does no damage.
The jackal bites you but does no damage.
The jackal closely misses you. The jackal bites you.
* * * LOW HITPOINT WARNING * * *
The jackal barely misses you. The jackal barely misses you.
The jackal bites you.
You die...

##### ######.<.###### ####
###.............###
#.#.###.................###
#####.#...'.................'.#
......#.#.#.r.hh............#.#
#####.#.#.###..h@.........###.#
....#.#.#.# ###.........### #.#
###.#.#.#.# ###.....### #.# #
#.#.#r# ###.........### #.# ##
#.#...# #.............###.#
.##.#.#...# ......≈≈≈.......#.#
....#.#..## ....≈≈≈≈≈≈≈.....#.###
.####.#..# ...≈≈≈≈≈≈≈≈≈....#....
......#..########################


You could see 3 jackals and a friendly rat (summoned).

Vanquished Creatures
  A leopard gecko (D:1)
  2 bats (D:1)
  A giant cockroach (D:1)
  2 hobgoblins (D:1)
  A jackal (D:1)
  5 rats (D:1)
12 creatures vanquished.

Vanquished Creatures (collateral kills)
  A leopard gecko (D:1)
  A hobgoblin (D:1)
  A kobold (D:1)
3 creatures vanquished.

Grand Total: 15 creatures vanquished

Notes
Turn   | Place    | Note
-------+----------+-------------------------------------------
     0 | D:1      | Dirian the Formicid Summoner began the quest for the Orb.
     0 | D:1      | Reached XP level 1. HP: 13/13 MP: 3/3
   921 | D:1      | Reached skill level 1 in Maces & Flails
   923 | D:1      | Reached XP level 2. HP: 16/20 MP: 3/5
  1467 | D:1      | HP: 1/20 [jackal (1)]
  1471 | D:1      | Slain by a jackal

Illustrated notes

Levels and vault maps discovered:
D:1:      nzn_arrival_depleted_hourglass, layout_basic, hex_tiny

Skill      XL: |  1 |
---------------+----+-----
Maces & Flails | 1 |  1.7
Fighting       | |  0.6
Armour         | |  0.3
Dodging        | |  1.7
Stealth        | |  2.4
Spellcasting   | |  2.1
Summonings     | |  4.0

Action                   || total
-------------------------++-------
Melee: Club              ||    66
       Unarmed           ||     6
 Cast: Summon Small Mamm ||    18
 Stab: Sleeping          ||     2
Armor: Robe              ||    22
Dodge: Dodged            ||    70
